 Dungeon Crawl Stone Soup version 0.18-a0-1027-g814d7dd (webtiles) character file.

2439 coffecat the Thaumaturge (level 9, -2/43 HPs)
             Began as a Spriggan Venom Mage on Jan 7, 2016.
             Slain by an orc warrior
             ... wielding a +1 short sword of speed
              (20 damage)
             ... on level 2 of the Orcish Mines on Jan 8, 2016.
             The game lasted 00:41:40 (4703 turns).

coffecat the Thaumaturge (Spriggan Venom Mage)      Turns: 4703, Time: 00:41:40

Health: -2/43      AC:  2    Str:  4    XL:     9   Next: 25%
Magic:  1/22       EV: 17    Int: 20    God:    Xom [*.....]
Gold:   326        SH:  0    Dex: 16    Spells: 5 memorised, 10 levels left

rFire  . . .     SeeInvis +     l - +2 short sword
rCold  . . .     Gourm    .     a - +0 robe
rNeg   . . .     Faith    .     (shield restricted)
rPois  .         Spirit   .     (helmet restricted)
rElec  .         Dismiss  .     (no cloak)
rCorr  .         Reflect  .     (gloves unavailable)
SustAt +         Harm     .     (boots unavailable)
MR     +....                    f - amulet of regeneration
Stlth  ++++......               (no ring)
                                m - ring of sustain attributes

@: lethally poisoned (-2 -> -2), very quick, somewhat resistant to hostile
enchantments, stealthy
A: unfitting armour, see invisible, herbivore 3, speed 3, slow metabolism 2
a: Renounce Religion


You were on level 2 of the Orcish Mines.
You worshipped Xom.
You were a special plaything of Xom.
You were not hungry.

You visited 2 branches of the dungeon, and saw 11 of its levels.

You collected 326 gold pieces.

Inventory:

Hand Weapons
 l - a +2 short sword (weapon)
Armour
 a - a +0 robe (worn)
Jewellery
 f - an amulet of regeneration (around neck)
 m - a ring of sustain attributes (left hand)
Wands
 p - a wand of cold (7/15)
Scrolls
 g - 2 scrolls of remove curse
 o - a scroll of noise {unknown}
 t - a scroll of brand weapon {unknown}
 w - a scroll of summoning {unknown}
 x - a scroll of identify
Potions
 d - 4 potions of heal wounds
 e - 6 potions of curing
 i - a potion of cancellation {unknown}
 j - a potion of flight {unknown}
 k - a potion of cure mutation {unknown}
 n - a potion of brilliance {unknown}
 q - 2 potions of magic {unknown}
 r - a potion of degeneration {unknown}
 s - a potion of agility {unknown}
 u - 2 potions of might {unknown}
 v - a potion of beneficial mutation {unknown}
Books
 b - a Young Poisoner's Handbook

   Spells                             Type                      Level
   a - Sting                          Conjuration/Poison           1
   b - Cure Poison                    Poison                       2
   c - Mephitic Cloud                 Conjuration/Poison/Air       3
   d - Olgreb's Toxic Radiance        Poison                       4
   e - Venom Bolt                     Conjuration/Poison           5
Comestibles
 c - 6 bread rations
 h - 8 fruits


   Skills:
 + Level 2.9 Fighting
 + Level 5.5 Short Blades
 + Level 3.0 Throwing
 + Level 2.1 Armour
 + Level 7.5 Dodging
 + Level 6.7 Stealth
 + Level 2.4 Unarmed Combat
 + Level 8.5 Spellcasting
 + Level 3.9 Conjurations
 + Level 2.9 Air Magic
 + Level 7.3 Poison Magic


You had 10 spell levels left.
You knew the following spells:

 Your Spells              Type           Power        Failure   Level  Hunger
a - Sting                 Conj/Pois      ####         1%          1    None
b - Mephitic Cloud        Conj/Pois/Air  ####....     4%          3    None
c - Olgreb's Toxic Radia  Pois           #####...     4%          4    ###....
d - Cure Poison           Pois           #####.....   1%          2    None
e - Venom Bolt            Conj/Pois      ####......   24%         5    #####..


Dungeon Overview and Level Annotations

Branches:
Dungeon (9/15)                Orc (2/2) D:9
 Temple: D:4-7         Lair: D:8-11         Elf: Orc:2

Altars:
Fedhas
Kikubaaqudgha
Pakellas
Qazlal
Sif Muna
Trog
Vehumet
Xom
Yredelemnul

Shops:
D:7 [


Innate Abilities, Weirdness & Mutations

You are tiny and cannot use many weapons and most armour.
You have supernaturally acute eyesight.
You are a herbivore.
You cover ground extremely quickly.
You need consume almost no food.


Message History

The orc priest hits the orc but does no damage.
The orc is engulfed in noxious fumes.
The orc appears confused.
The orc priest calls down the wrath of Beogh upon you.
Something smites you!
A shower of butterflies erupts from you!
The orc hits you but does no damage.
The orc priest hits the orc with a club.
The orc hits the orc warrior but does no damage.
The orc completely misses your butterfly.
The orc closely misses you.
You climb downwards.
A warg, 10 orcs and 2 orc warriors come into view.
You feel sick.
The warg howls!
Found 17 gold pieces.
There is a stone staircase leading up here.
The orc shouts! x8
The orc warrior shouts!
The orc shouts!
You hear a shout!
The orc warrior hits you with a short sword of speed!!
You die...
Xom guffaws!

##### ##...##
##..o..##
##..o.o..##..
#..o...o.....
#.o.o@..o....
#..o.o.o...##
#.h...o.o...##
#......o....#
#........##...
##...##...
.$.. #... ...#
... #... ...#
..


You could see a warg, 3 orc warriors and 11 orcs.

Vanquished Creatures
  A spriggan (D:7)
  Sigmund (D:4)
  3 yaks (D:7)
  A hog (D:7)
  2 sky beasts
  An ogre (Orc:1)
  3 centaurs
  4 giant frogs
  2 scorpions (D:4)
  A crimson imp (D:7)
  2 hounds
  A giant frog zombie (D:6)
  2 orc wizards (D:4)
  A hound skeleton (D:7)
  3 adders
  A gnoll (D:1)
  2 oozes
  An adder skeleton (D:6)
  3 worms
  4 giant geckos
  16 orcs
  4 bats
  A giant cockroach (D:8)
  4 goblins
  5 hobgoblins
  6 jackals
  3 kobolds
  2 quokkas
  A ball python skeleton (D:3)
  A giant gecko skeleton (D:7)
  4 giant newts
  A jackal zombie (D:3)
  3 rats
90 creatures vanquished.

Vanquished Creatures (collateral kills)
  A yak (D:7)
  2 orc wizards (D:4)
  4 orcs (D:4)
  A quokka skeleton (D:4)
8 creatures vanquished.

Vanquished Creatures (others)
  5 toadstools (D:1)
5 creatures vanquished.

Grand Total: 103 creatures vanquished

Notes
Turn   | Place    | Note
--------------------------------------------------------------
     0 | D:1      | coffecat the Spriggan Venom Mage began the quest for the Orb.
     0 | D:1      | Reached XP level 1. HP: 9/9 MP: 5/5
   322 | D:1      | Reached XP level 2. HP: 13/13 MP: 3/6
  1099 | D:2      | Reached XP level 3. HP: 16/16 MP: 6/8
  1104 | D:2      | Learned a level 3 spell: Mephitic Cloud
  1148 | D:2      | Reached skill level 1 in Conjurations
  1308 | D:2      | Upgraded the game from 0.18-a0-1014-g3bbf375 to 0.18-a0-1027-g814d7dd
  1308 | D:2      | Found a stormy altar of Qazlal.
  1311 | D:2      | Found a shimmering altar of Xom.
  1319 | D:2      | Found an ancient bone altar of Kikubaaqudgha.
  1320 | D:2      | Found an oddly glowing altar of Pakellas.
  1320 | D:2      | Found a radiant altar of Vehumet.
  1323 | D:2      | Found a blossoming altar of Fedhas.
  1328 | D:2      | Found a bloodstained altar of Trog.
  1328 | D:2      | Found a basalt altar of Yredelemnul.
  1334 | D:2      | Became a worshipper of Xom of Chaos
  1400 | D:2      | XOM: harmless Hex miscast
  1411 | D:2      | XOM: silly message
  1467 | D:3      | XOM: potion effect (berserk rage)
  1471 | D:3      | XOM: smoke on damage
  1499 | D:3      | XOM: colour smoke trail
  1701 | D:3      | Reached XP level 4. HP: 13/21 MP: 4/10
  1820 | D:3      | Noticed an ice beast
  1820 | D:3      | a worm changed into an ice beast
  1820 | D:3      | XOM: polymorph worm -> ice beast
  1986 | D:4      | XOM: repel stairs
  2196 | D:4      | Found a deep blue altar of Sif Muna.
  2202 | D:4      | Learned a level 4 spell: Olgreb's Toxic Radiance
  2214 | D:4      | Reached XP level 5. HP: 24/24 MP: 1/12
  2554 | D:4      | Noticed Sigmund
  2565 | D:4      | Killed Sigmund
  2565 | D:4      | Reached skill level 5 in Poison Magic
  2565 | D:4      | Reached XP level 6. HP: 25/28 MP: 2/14
  2696 | D:4      | Reached skill level 1 in Short Blades
  2731 | D:4      | Learned a level 2 spell: Cure Poison
  2751 | D:4      | XOM: summons friendly iron imp
  2758 | D:4      | Reached skill level 5 in Spellcasting
  2848 | D:4      | XOM: potion effect (experience)
  2848 | D:4      | Reached skill level 5 in Short Blades
  2848 | D:4      | Reached skill level 6 in Dodging
  2848 | D:4      | Reached skill level 7 in Spellcasting
  2848 | D:4      | Reached XP level 7. HP: 30/35 MP: 12/19
  2977 | D:5      | Entered Level 5 of the Dungeon
  3044 | D:5      | XOM: divination: detect creatures
  3311 | D:6      | XOM: butterfly on damage
  3357 | D:6      | XOM: divination: detect creatures
  3362 | D:6      | Reached XP level 8. HP: 36/39 MP: 9/20
  3530 | D:7      | XOM: polymorph water moccasin -> hog
  3547 | D:7      | Reached skill level 8 in Spellcasting
  3691 | D:7      | Found Lokio's Armour Boutique.
  3724 | D:7      | XOM: scenery: 3 doors open
  3763 | D:7      | XOM: god gift: 6 arrows of flame
  3784 | D:7      | XOM: divination: detect creatures
  3785 | D:7      | XOM: summons 7 friendly demons
  3788 | D:7      | XOM: potion effect (might)
  3792 | D:7      | XOM: noise
  3955 | D:7      | Reached XP level 9. HP: 43/43 MP: 17/22
  4056 | D:7      | Learned a level 5 spell: Venom Bolt
  4364 | D:8      | XOM: divination: detect creatures
  4378 | D:8      | XOM: cast spell 'Hydra Form'
  4663 | D:9      | Found a staircase to the Orcish Mines.
  4671 | Orc:1    | Entered Level 1 of the Orcish Mines
  4678 | Orc:1    | Noticed a troll
  4687 | Orc:1    | XOM: enchant monster (bad)
  4700 | Orc:1    | XOM: butterfly on damage
  4702 | Orc:2    | Entered Level 2 of the Orcish Mines
  4703 | Orc:2    | Slain by an orc warrior

Vault maps used:
D:1:      ldierk_walled_garden, eino_curves_03, hangedman_decor_clover_reticule,
          roderic_lattice_a
D:2:      grunt_temple_overflow_open, grunt_pakellas_salt
D:3:      kennysheep_six_static_rooms, first_bread, glass_columns_a
D:4:      led_sif_book, grunt_ministairs_6, uniq_sigmund
D:5:      grunt_qazlal_sundering
D:6:      kennysheep_orc_sif_temple, minmay_temple_entry_statues_fountains
D:7:      serial_shops, shop, the_bakery, kennysheep_cross_bottleneck
D:9:      minmay_klotski, hangedman_corner_corridor
Orc:2:    pubby_orc_utopia, serial_shops

Action                   |  1- 3 |  4- 6 |  7- 9 || total
-------------------------+-------+-------+-------++-------
Melee: Unarmed           |     6 |       |       ||     6
       Short sword       |    29 |    10 |   101 ||   140
 Cast: Sting             |    73 |    32 |    68 ||   173
       Mephitic Cloud    |       |     3 |    16 ||    19
       Olgreb's Toxic Ra |       |     1 |     1 ||     2
       Venom Bolt        |       |       |     1 ||     1
  Use: Scroll            |       |     8 |     2 ||    10
       Potion            |       |       |     2 ||     2
 Stab: Sleeping          |     1 |       |     3 ||     4
       Confused          |       |       |     2 ||     2
  Eat: Bread ration      |       |     1 |       ||     1
